[Event "35th Roquetas Festival 2024"]
[Site "Roquetas de Mar"]
[Date "2024.01.06"]
[Round "7.10"]
[White "Cuenca Jimenez, Jose Fernando"]
[Black "Vingris, Mikelis"]
[Result "1-0"]
[ECO "A30"]
[WhiteElo "2514"]
[BlackElo "2248"]
[Annotator "TA"]
[PlyCount "145"]
[EventDate "2024.01.02"]
[EventType "swiss"]
[EventCountry "ESP"]
[SourceTitle "playchess.com"]
[Source "ChessBase"]
[SourceQuality "1"]
[TimeControl "5400+30"]

1. c4 c5 2. Nf3 Nc6 3. d4 cxd4 4. Nxd4 e6 5. Nc3 Bb4 6. g3 Nf6 7. Bg2 d5 8. O-O O-O 9. cxd5 exd5 10. Nc2 {[%emt 0:29:12] A33: Symmetrical English: 2 Nf3 Nf6 3 d4 cxd4 4 Nxd4 e6 5 Nc3 Nc6.} (10. Bg5 $5 ) 10... Bxc3 11. bxc3 Qa5 {[%emt 0:09:25] [#]} 12. Bd2 $146 {[%emt 0:08:50][%cal Oc3c4] The position is equal.} ({Predecessor:} 12. Bb2 Be6 13. a4 Rfe8 14. Ne3 Rac8 15. Qd3 Ne4 16. Rfd1 Ne5 17. Qb5 Qc7 18. c4 Nxc4 19. Nxd5 Bxd5 20. Rxd5 {½-½ Miladinovic,I (2561)-Arab,A (2460) Algiers Ameyar Memorial 13th 2015 (9)}) 12... Qc5 13. Nb4 Qc4 14. Be1 Bg4 15. f3 Bf5 16. g4 {[%emt 0:03:31] aiming for Nxc6.} Bg6 17. Qd2 Rfe8 18. e3 a5 19. Nxc6 bxc6 20. Bg3 Ra7 21. Rfe1 Rae7 22. Bf1 Qc5 23. Bf2 Qa3 24. c4 Rb7 (24... h5 $11) 25. Qc1 (25. cxd5 $16 Rd8 26. Qc1 Qxc1 27. Raxc1 (27. Rexc1 cxd5 28. Rc5 a4 $16) 27... cxd5 28. Red1) 25... Qb4 26. a3 Qb3 27. cxd5 cxd5 28. a4 Rd8 (28... h5 $1 $14) 29. Qd2 (29. Bb5 $16) 29... Rb4 $11 30. Bb5 {[%emt 0:01:37] [#]} d4 $1 31. Kg2 (31. exd4 Qxf3 32. Qe2 Qxg4+ 33. Qxg4 Nxg4 $17) (31. Qa2 h5) 31... Qd5 (31... d3 $15) 32. exd4 (32. e4 $5 Bxe4 33. fxe4 Nxe4 34. Qa2 $11) 32... Nxg4 33. Bg1 Rb3 34. Qf4 Nf6 (34... Bh5 $17 35. h3 Nh6) 35. Re5 $15 {Prevents h6} Rb2+ 36. Kh1 Qb3 37. Rae1 (37. Re3 $11 Qb4 38. Qc7) 37... Rb1 (37... Qc2 38. R1e2 Qb1 39. Re1 $14 (39. Rxb2 Qxb2 40. Bc6 Qb6 $14)) (37... Qb4 $17) 38. Rxb1 Qxb1 39. Qd2 Bh5 40. Qe2 (40. Qxa5 $2 Bxf3#) 40... Qb3 41. Kg2 Rc8 {[%emt 0:00:22] Inhibits Bc6.} ({Better is} 41... h6 $11) 42. Rc5 $14 Rd8 43. Qe3 Qa2+ 44. Qe2 Qb3 45. Qd3 Qa2+ 46. Qc2 Qa3 47. Qf5 (47. Qc3 $5 Qa2+ 48. Qc2 $16) 47... Bg6 48. Qe5 Qa2+ ({Don't do} 48... Bh5 49. Qe3 Qb2+ 50. Qe2 $16) (48... h6 $11) 49. Qe2 Qa3 (49... Qb1 $14) 50. Qe7 $1 $40 {[%emt 0:00:20][%mdl 128] White wants a kill.} Qa2+ {[%emt 0:00:24] [#]} 51. Bf2 $1 {[%emt 0:00:26] Dancing on a razor blade.} Rf8 52. Qe2 Qb3 53. Qc4 Qb1 {[%emt 0:01:03] [#]} (53... Qa3 $16) 54. Rc8 $1 $18 Bf5 55. Rxf8+ Kxf8 56. d5 (56. Qc7 $18 g5 57. Bc4 (57. Qxa5 Kg7 $16)) 56... g6 $2 (56... h6 $14) 57. Qd4 Nd7 (57... Kg7 $142 58. Bh4 Qc2+ 59. Kg3 Qc7+ 60. d6 Qd8) 58. d6 $2 (58. Bxd7 {[%cal Od4f6] Threatening mate with Qf6!} Qd3 59. Qh8+ Ke7 60. Bh4+ Kd6 61. Qf6+ Kxd5 62. Bc6+ Kc4 63. Bb5+ {[%mdl 64] Skewer} Kb3 64. Qxf7+ Ka3 65. Be7+ Kb2 66. Bxd3) 58... Kg8 {[%emt 0:00:27] Wards off Qf6} 59. Qc3 Qd1 60. Qd4 ({White should try} 60. Bg3 $18) 60... Qc1 $2 (60... Qb1 $1 $11 {and Black is okay.}) 61. Qe3 Qc8 $2 (61... Qd1 $16) 62. Qe7 Nf8 63. Qe5 {[%emt 0:00:36] Prevents Qc3.} Nd7 64. Qe7 Nf8 $1 65. h4 (65. Qf6 $18 {is more deadly. White threatens Bd4 and mate.} Qe6 66. Qxe6 Bxe6 67. Bb6) 65... h5 $2 (65... Qc3 $16 66. Qe1 (66. d7 Bxd7 67. Bxd7 Qc7 $11) 66... Qf6) 66. Bd4 {[%emt 0:00:46] Qf6 would kill now. This pair of bishops is nice.} Qc2+ (66... Ne6 $142) 67. Kg3 {[%emt 0:00:32] White wants to mate with Qf6.} Qc1 68. Qe5 Qh6 {[%emt 0:00:15] Wards off Qg7+} 69. f4 Ne6 70. d7 {[%emt 0:00:17] Active counter play! White mates.} f6 {[%emt 0:00:20] [#]} 71. Qxe6+ $3 {[%emt 0:00:23][%mdl 576] Remove Defender, Promotion} Bxe6 72. d8=Q+ (72. d8=B $2 {too greedy.} Qf8 73. Bxa5 Qa8 $19) 72... Kh7 73. Qe7+ {[%emt 0:00:07] A cool game by Cuenca Jimenez.   Weighted Error Value: White=0.37/Black=0.24 (precise)} 1-0

[Event "35th Roquetas Festival 2024"]
[Site "Roquetas de Mar"]
[Date "2024.01.06"]
[Round "7.11"]
[White "Revaliente Montoya, Ciro"]
[Black "Camacho Collados, Marcos"]
[Result "1/2-1/2"]
[ECO "B41"]
[WhiteElo "2263"]
[BlackElo "2466"]
[Annotator "TA"]
[PlyCount "112"]
[EventDate "2024.01.02"]
[EventType "swiss"]
[EventCountry "ESP"]
[SourceTitle "playchess.com"]
[Source "ChessBase"]
[SourceQuality "1"]
[TimeControl "5400+30"]

1. e4 c5 2. Nf3 e6 3. d4 cxd4 4. Nxd4 a6 5. c4 Nf6 6. Nc3 Qc7 7. a3 b6 8. Be3 Bb7 {[%emt 0:00:08] B41: Sicilian: Kan Variation: 5 c4.} 9. f3 Nc6 {[%emt 0:00:13] 9...Be7 is becoming the main line.} 10. Be2 Be7 {[%emt 0:00:12] White is slightly better.} 11. O-O O-O 12. Qd2 Bd6 13. g3 {[%emt 0:10:45] [#]} Ne8 $146 (13... Bxg3 $11 14. hxg3 Nxd4 15. Bxd4 Qxg3+ 16. Kh1 Qh3+ 17. Kg1 Qg3+ 18. Kh1 Qh3+ 19. Kg1 Qg3+) ({Predecessor:} 13... Be7 14. Rac1 Ne5 15. Na4 d6 16. b4 Ned7 17. Rc2 Rac8 18. Rb1 Qb8 19. Bf1 Ba8 {0-1 Valdes Escobar,A (2419)-Flores,D (2611) Asuncion zt 2.5 2011 (5)}) 14. Rfd1 {[%emt 0:07:07][%cal Oc3b5] White is more active.} Nxd4 15. Qxd4 Bc5 16. Qd3 f5 17. b4 (17. Bxc5 {simplifies} Qxc5+ 18. Qd4 Qxd4+ 19. Rxd4 fxe4 20. Nxe4 Bc6 21. f4) 17... fxe4 18. Nxe4 Bxe4 19. Qxe4 (19. fxe4 $16 Bxe3+ 20. Qxe3) 19... Nd6 $11 20. Qd3 Bxe3+ 21. Qxe3 {[%emt 0:00:02] [#] aiming for Qe5.} Nf5 22. Qf2 e5 23. Rd5 a5 $36 {[%emt 0:05:58][%mdl 2048] Black is more active.} 24. b5 Nd4 25. Rd1 Rf7 26. Qe3 d6 27. Rf1 Raf8 28. Kg2 Rf6 29. Qe4 ({White should play} 29. f4 $11) 29... g5 (29... Rh6 $15) 30. Bd3 (30. a4 $11 {keeps the balance.}) 30... Qg7 (30... Rxf3 31. Rxf3 Nxf3 32. Rxd6 $16) ({Black should try} 30... Nxf3 $17 {Strongly threatening ...Qf7.} 31. Be2 Nd4 32. Rxf6 Rxf6) 31. Rxd4 $1 exd4 32. Qxd4 Rb8 (32... g4 {keeps more tension.} 33. f4 Re6 34. Qd5 Qf7) 33. Re1 {[%emt 0:00:54] Prevents Re6.} Kh8 34. Re4 Rbf8 35. Be2 Qc7 36. Re6 Qc5 37. Qb2 Kg7 38. Bd3 h6 39. h3 R8f7 40. Kh2 Qc7 41. Qd4 Qd8 (41... Qc5 $5 42. Qb2 $8 Qc7 $11) 42. Kg2 Kf8 43. Re3 Qc7 44. Bc2 h5 45. Bd3 Qc5 46. Qe4 g4 47. hxg4 hxg4 48. f4 Qh5 49. Qe8+ Kg7 {[%emt 0:00:01] Threatens to win with ...Rh6.} 50. Be4 $2 (50. Kg1 $11 {and White stays safe.}) 50... Qh3+ $19 ({Stronger than} 50... Rh6 51. Kg1 $11 (51. Bd5 $2 Qh1+ 52. Kf2 Rh2+)) 51. Kf2 {[%emt 0:00:08][%cal Bg2f2,Bf2e1,Be1e2][%mdl 32] [#]} Qh8 $2 {[%emt 0:00:58] Black is weak on the light squares} ({Weaker is} 51... Qh2+ 52. Ke1 $11) (51... Rxf4+ $1 $19 52. gxf4 Rxf4+ 53. Bf3 (53. Ke2 {leads to mate.} Qf1+ {[%mdl 64] Skewer} 54. Kd2 Rf2+ 55. Kc3 Qa1+ 56. Kd3 Qd1+ 57. Kc3 Qd2+ 58. Kb3 Qa2+ 59. Kc3 Qb2+ 60. Kd3 Rd2#) 53... Rxf3+ 54. Rxf3 Qxf3+ 55. Ke1 Qxa3 56. Qe7+ Kg6 57. Qe6+ Kg5 58. Qe7+ Kg6 59. Qe8+ Kf5 60. Qf7+ Kg5 61. Qe7+ Kf4 62. Qf7+ Ke4 63. Qd5+ Ke3 64. Qd2+ Kf3 65. Qf2+ Ke4 66. Qxb6 a4 67. Qb7+ Ke3 68. Qa7+ Kd3) 52. Bd5 {[%emt 0:00:48][%mdl 1024] White has compensation.} Qh2+ 53. Ke1 $1 Qg1+ (53... Rf8 $5 54. Qe7+ Kh8 $11) 54. Ke2 Qh2+ $1 55. Ke1 {[%emt 0:00:12] Really sharp!} (55. Kd1 $5) 55... Qg1+ 56. Ke2 (56. Kd2 $5 ) 56... Qh2+ $1 {[%emt 0:00:22] An exciting game.   Weighted Error Value: White=0.20 (precise) /Black=0.15 (very precise)} 1/2-1/2

[Event "35th Roquetas Festival 2024"]
[Site "Roquetas de Mar"]
[Date "2024.01.06"]
[Round "7.12"]
[White "Serrano Almendros, Alejandro"]
[Black "Tejedor Fuente, Enrique"]
[Result "0-1"]
[ECO "B48"]
[WhiteElo "2206"]
[BlackElo "2395"]
[Annotator "RC"]
[PlyCount "106"]
[EventDate "2024.01.02"]
[EventType "swiss"]
[EventCountry "ESP"]
[SourceTitle "playchess.com"]
[Source "ChessBase"]
[SourceQuality "1"]
[TimeControl "5400+30"]

1. e4 c5 2. Nf3 e6 3. d4 cxd4 4. Nxd4 Nc6 5. Nc3 Qc7 6. Be3 a6 7. g4 b5 8. Nxc6 dxc6 9. f4 Bb7 10. Bg2 c5 11. Qe2 b4 12. Nd1 Nf6 13. Nf2 Bd6 14. g5 Nd7 15. Qg4 Nb6 16. Rd1 O-O-O 17. O-O Kb8 18. a3 e5 19. f5 f6 20. Nd3 a5 21. axb4 cxb4 22. Ra1 Nc4 23. Bf2 h6 24. g6 Qc6 25. Qe2 Rd7 26. b3 Na3 27. Qe3 Ba6 28. Rfc1 Rc8 29. Bf1 Rb7 30. Ra2 Rcc7 31. h4 Kc8 32. Kh2 Kd8 33. Be1 Ke7 34. Kh3 Kf8 35. Be2 Ke7 36. h5 Qe8 37. Nxb4 axb4 38. Bxa6 Ra7 39. Bd3 Qc8 40. Rd1 Ra8 41. Qb6 Rb7 42. Qf2 Rc7 43. Rda1 Qb7 44. Qe2 Bc5 45. Bc4 Rd8 46. c3 Nxc4 47. Qxc4 Kf8 48. Ra5 Bd4 49. Qd3 bxc3 50. Bf2 c2 51. Rc1 Rc3 52. Qxc3 Bxc3 53. Rxc2 Bxa5 0-1

[Event "35th Roquetas Festival 2024"]
[Site "Roquetas de Mar"]
[Date "2024.01.06"]
[Round "7.13"]
[White "Stremavicius, Pijus"]
[Black "Moral Garcia, Serafin"]
[Result "1-0"]
[ECO "A05"]
[WhiteElo "2393"]
[BlackElo "2246"]
[Annotator "RC"]
[PlyCount "69"]
[EventDate "2024.01.02"]
[EventType "swiss"]
[EventCountry "ESP"]
[SourceTitle "playchess.com"]
[Source "ChessBase"]
[SourceQuality "1"]
[TimeControl "5400+30"]

1. Nf3 Nf6 2. b3 g6 3. Bb2 Bg7 4. g3 c5 5. c4 O-O 6. Bg2 Nc6 7. O-O d6 8. d4 Ne4 9. e3 Bg4 10. Qc1 Qd7 11. d5 Bxb2 12. Qxb2 Nb4 13. Ne1 Nf6 14. Nc3 Bh3 15. e4 Bxg2 16. Kxg2 e5 17. a3 Na6 18. Nd3 Nc7 19. f4 exf4 20. gxf4 Qg4+ 21. Kh1 Qh3 22. Qe2 Rae8 23. Rae1 Ng4 24. Rf3 Qh4 25. Rg3 f5 26. e5 Rf7 27. Qg2 Rfe7 28. Rh3 Qf6 29. Ne4 Qg7 30. Nxd6 Rd8 31. Nxb7 Nxd5 32. Nxd8 Nxf4 33. Nxf4 Rxe5 34. Rxe5 Qxe5 35. Qd5+ 1-0

[Event "35th Roquetas Festival 2024"]
[Site "Roquetas de Mar"]
[Date "2024.01.06"]
[Round "7.14"]
[White "Bernal Moro, Luis Javier"]
[Black "Gomez Arce, Alejandro"]
[Result "1-0"]
[ECO "A15"]
[WhiteElo "2370"]
[BlackElo "2074"]
[Annotator "RC"]
[PlyCount "75"]
[EventDate "2024.01.02"]
[EventType "swiss"]
[EventCountry "ESP"]
[SourceTitle "playchess.com"]
[Source "ChessBase"]
[SourceQuality "1"]
[TimeControl "5400+30"]

1. c4 Nf6 2. Nf3 b6 3. g3 Bb7 4. Bg2 g6 5. O-O Bg7 6. d4 O-O 7. d5 Na6 8. Nc3 Nc5 9. Re1 e6 10. e4 d6 11. Rb1 a5 12. Qc2 Nfd7 13. Bg5 Bf6 14. Bd2 Ne5 15. Nxe5 Bxe5 16. Bh6 Re8 17. Qd2 Ba6 18. b3 exd5 19. Nxd5 Bb7 20. Bg5 f6 21. Be3 Bxd5 22. Qxd5+ Kg7 23. Qd2 f5 24. exf5 gxf5 25. Bxa8 Qxa8 26. Bxc5 bxc5 27. Qg5+ Kh8 28. Qxf5 Rf8 29. Qe4 Qc8 30. Kg2 Bd4 31. Re2 Qb8 32. Rd1 Qa7 33. Rd3 a4 34. Rf3 Rg8 35. Rf7 Bg7 36. Qf3 axb3 37. axb3 Be5 38. Rxe5 1-0

[Event "35th Roquetas Festival 2024"]
[Site "Roquetas de Mar"]
[Date "2024.01.06"]
[Round "7.15"]
[White "Alba Fernandez, Nicolas"]
[Black "Garcia Fernandez, Victor"]
[Result "1/2-1/2"]
[ECO "E32"]
[WhiteElo "2123"]
[BlackElo "2366"]
[Annotator "RC"]
[PlyCount "60"]
[EventDate "2024.01.02"]
[EventType "swiss"]
[EventCountry "ESP"]
[SourceTitle "playchess.com"]
[Source "ChessBase"]
[SourceQuality "1"]
[TimeControl "5400+30"]

1. d4 Nf6 2. c4 e6 3. Nc3 Bb4 4. Qc2 Qe7 5. e4 e5 6. dxe5 Bxc3+ 7. Qxc3 Nxe4 8. Qd4 Qb4+ 9. Bd2 Nxd2 10. Qxd2 Nc6 11. Qxb4 Nxb4 12. Kd2 O-O 13. f4 Rd8 14. Kc3 Nc6 15. Rd1 d6 16. exd6 Rxd6 17. Rxd6 cxd6 18. Bd3 Be6 19. Be4 Rd8 20. Bxc6 bxc6 21. Nf3 Kf8 22. b4 a6 23. Re1 c5 24. a3 cxb4+ 25. axb4 Rc8 26. Nd2 Bxc4 27. Nxc4 d5 28. g3 Rxc4+ 29. Kb3 Rc6 30. Re5 Rd6 1/2-1/2

[Event "35th Roquetas Festival 2024"]
[Site "Roquetas de Mar"]
[Date "2024.01.06"]
[Round "7.16"]
[White "Luque Saiz, Andres"]
[Black "Marin Ferragut, Pau"]
[Result "1-0"]
[ECO "D38"]
[WhiteElo "2328"]
[BlackElo "2178"]
[Annotator "RC"]
[PlyCount "123"]
[EventDate "2024.01.02"]
[EventType "swiss"]
[EventCountry "ESP"]
[SourceTitle "playchess.com"]
[Source "ChessBase"]
[SourceQuality "1"]
[TimeControl "5400+30"]

1. Nf3 Nf6 2. c4 e6 3. Nc3 d5 4. d4 Bb4 5. Bd2 O-O 6. e3 b6 7. Bd3 Bb7 8. cxd5 exd5 9. O-O a6 10. Ne5 Bd6 11. f4 c5 12. Be1 Ne4 13. Qh5 f5 14. Bh4 Qe8 15. Qxe8 Rxe8 16. Na4 cxd4 17. exd4 b5 18. Nb6 Ra7 19. Rac1 Bb4 20. Be1 Be7 21. Rc2 b4 22. Bf2 a5 23. Rfc1 Ra6 24. Bxa6 Nxa6 25. Be3 Bf8 26. Rc7 Nxc7 27. Rxc7 Nd6 28. b3 Be7 29. Na4 Ba8 30. Ra7 Bf8 31. Rxa5 Bb7 32. Nc5 Bc8 33. Bd2 Ne4 34. Bxb4 Bd6 35. Ra8 Kf8 36. a3 Ke7 37. Ncd3 Bxb4 38. Nxb4 Nc3 39. Kf2 Kd6 40. Ke3 g5 41. g3 gxf4+ 42. gxf4 Rg8 43. Nbc6 Nb5 44. Na7 Nxa7 45. Rxa7 Rg2 46. Rxh7 Be6 47. Nd3 Bc8 48. Rh6+ Ke7 49. Nc5 Rg1 50. Rh8 Be6 51. Rh6 Bf7 52. a4 Re1+ 53. Kd2 Rf1 54. Nd3 Be8 55. Ke2 Rb1 56. Nc5 Rb2+ 57. Ke3 Ra2 58. Re6+ Kf7 59. Re5 Rxh2 60. Rxf5+ Ke7 61. Rxd5 Bh5 62. a5 1-0

[Event "35th Roquetas Festival 2024"]
[Site "Roquetas de Mar"]
[Date "2024.01.06"]
[Round "7.17"]
[White "Del Prado Rodriguez, Xulio"]
[Black "Gomez Sanjuan, Hector Fernando"]
[Result "0-1"]
[ECO "E49"]
[WhiteElo "2294"]
[BlackElo "2139"]
[Annotator "RC"]
[PlyCount "94"]
[EventDate "2024.01.02"]
[EventType "swiss"]
[EventCountry "ESP"]
[SourceTitle "playchess.com"]
[Source "ChessBase"]
[SourceQuality "1"]
[TimeControl "5400+30"]

1. d4 Nf6 2. c4 e6 3. Nc3 Bb4 4. e3 O-O 5. Bd3 d5 6. a3 Bxc3+ 7. bxc3 dxc4 8. Bxc4 c5 9. Nf3 Qc7 10. Be2 b6 11. Bb2 Bb7 12. O-O Nbd7 13. c4 cxd4 14. exd4 Qf4 15. Qd2 Qg4 16. h3 Qh5 17. a4 Rfd8 18. Qe3 Rac8 19. Rfc1 Qf5 20. Nd2 h6 21. a5 Qg6 22. Bf1 bxa5 23. Rxa5 a6 24. Ba3 Nb8 25. Rb1 Ba8 26. Rb2 Rd7 27. Bc5 Rcd8 28. Ra3 Kh8 29. Qf4 Nh5 30. Qh2 Nc6 31. Bb6 Rc8 32. Nb3 a5 33. Rd2 Qb1 34. Bxa5 Nxa5 35. Nxa5 Qc1 36. Raa2 Nf6 37. Rac2 Qb1 38. Rb2 Qe1 39. Rb8 Rxb8 40. Qxb8+ Kh7 41. Ra2 Be4 42. Qe5 Qd1 43. d5 exd5 44. c5 d4 45. c6 Rd5 46. Qg3 Rg5 47. Qh2 Bd3 0-1

[Event "35th Roquetas Festival 2024"]
[Site "Roquetas de Mar"]
[Date "2024.01.06"]
[Round "7.18"]
[White "Ibanez Koblash, Daniel"]
[Black "Garrido Diaz, Jose Antonio"]
[Result "0-1"]
[ECO "E04"]
[WhiteElo "1830"]
[BlackElo "2291"]
[Annotator "RC"]
[PlyCount "72"]
[EventDate "2024.01.02"]
[EventType "swiss"]
[EventCountry "ESP"]
[SourceTitle "playchess.com"]
[Source "ChessBase"]
[SourceQuality "1"]
[TimeControl "5400+30"]

1. d4 d5 2. Nf3 Nf6 3. c4 e6 4. g3 dxc4 5. Bg2 a6 6. a4 c5 7. O-O cxd4 8. Nxd4 e5 9. Nc2 Qxd1 10. Rxd1 Nc6 11. Nc3 Be6 12. Be3 Be7 13. Rac1 O-O 14. Bg5 Rad8 15. Bxf6 Bxf6 16. Nd5 Na5 17. Nxf6+ gxf6 18. Ne3 b5 19. axb5 axb5 20. Nc2 Nb3 21. Rb1 Nd2 22. Rbc1 Rd6 23. Nb4 Rfd8 24. Kh1 Nb3 25. Rxd6 Rxd6 26. Rb1 Rd2 27. e4 Rxf2 28. Kg1 Re2 29. Kf1 Bg4 30. Kg1 Nd2 31. Ra1 Nf3+ 32. Kh1 Nd4 33. Nd5 Bf3 34. Bxf3 Nxf3 35. Nxf6+ Kg7 36. Ng4 h5 0-1

[Event "35th Roquetas Festival 2024"]
[Site "Roquetas de Mar"]
[Date "2024.01.06"]
[Round "7.19"]
[White "Rodriguez Garcia, Manuel Francisco"]
[Black "Merario Alarcon, Andres"]
[Result "1/2-1/2"]
[ECO "A13"]
[WhiteElo "2130"]
[BlackElo "2429"]
[Annotator "RC"]
[PlyCount "78"]
[EventDate "2024.01.02"]
[EventType "swiss"]
[EventCountry "ESP"]
[SourceTitle "playchess.com"]
[Source "ChessBase"]
[SourceQuality "1"]
[TimeControl "5400+30"]

1. c4 e6 2. Nf3 d5 3. g3 d4 4. Bg2 Nc6 5. d3 Nge7 6. O-O Nf5 7. e4 dxe3 8. Bxe3 Nxe3 9. fxe3 e5 10. d4 e4 11. Nh4 Qg5 12. Qb3 g6 13. Bxe4 Bh6 14. Ng2 O-O 15. Nc3 Ne7 16. Rae1 c6 17. Bf3 Nf5 18. d5 cxd5 19. Bxd5 Qe7 20. Ne4 Rb8 21. g4 Ng7 22. Nf6+ Kh8 23. Qc3 Bg5 24. h3 Bf5 25. Nh5 gxh5 26. Rxf5 f6 27. Rf3 hxg4 28. hxg4 Qd7 29. Qd4 Ne6 30. Bxe6 Qxe6 31. Rf5 Rbd8 32. Rd5 Rxd5 33. cxd5 Qd6 34. Rf1 Kg8 35. Nf4 Re8 36. Kg2 Re5 37. e4 Qd7 38. Kg3 Qd6 39. Kg2 Qd7 1/2-1/2

[Event "35th Roquetas Festival 2024"]
[Site "Roquetas de Mar"]
[Date "2024.01.06"]
[Round "7.20"]
[White "Juan Lepp, Jaime Boris"]
[Black "Perea Fruet, Lorenzo"]
[Result "0-1"]
[ECO "B22"]
[WhiteElo "2075"]
[BlackElo "2323"]
[Annotator "RC"]
[PlyCount "114"]
[EventDate "2024.01.02"]
[EventType "swiss"]
[EventCountry "ESP"]
[SourceTitle "playchess.com"]
[Source "ChessBase"]
[SourceQuality "1"]
[TimeControl "5400+30"]

1. e4 c5 2. c3 Nf6 3. e5 Nd5 4. d4 cxd4 5. cxd4 d6 6. Nf3 Nc6 7. Bc4 dxe5 8. Bxd5 Qxd5 9. Nc3 Qd6 10. d5 Nd4 11. Nxd4 exd4 12. Qxd4 e5 13. Qd3 Bd7 14. O-O f5 15. Re1 Kf7 16. Bd2 a6 17. Rac1 g6 18. Qf3 Qf6 19. Ne2 Bd6 20. Qb3 b5 21. f4 Rhe8 22. Bc3 a5 23. Ng3 b4 24. fxe5 Bxe5 25. Bxe5 Rxe5 26. Red1 Qb6+ 27. Kh1 Rae8 28. Qc4 Qf2 29. Rf1 Qb6 30. d6+ Kf8 31. Qc7 Qb5 32. Qa7 h5 33. Qd4 Qd5 34. Qf4 Qe6 35. Qh6+ Kg8 36. Rcd1 Qf7 37. Rc1 R8e6 38. Qf4 Qf6 39. Rfd1 h4 40. Nf1 h3 41. gxh3 Rxd6 42. Rxd6 Qxd6 43. Qg3 a4 44. h4 Kh7 45. a3 bxa3 46. bxa3 Bc6+ 47. Kg1 Qd4+ 48. Qf2 Qd6 49. Qa7+ Kh6 50. Qb6 Re6 51. Qb2 Kh7 52. Qb6 f4 53. Qc5 Qd7 54. h3 Rf6 55. Re1 Rf7 56. Kh2 Qb7 57. h5 Qb2+ 0-1

[Event "35th Roquetas Festival 2024"]
[Site "Roquetas de Mar"]
[Date "2024.01.06"]
[Round "7.21"]
[White "Alshameary Puente, Ismael"]
[Black "Gonzalez Castillo, Jose Javier"]
[Result "1-0"]
[ECO "A40"]
[WhiteElo "2317"]
[BlackElo "2231"]
[Annotator "RC"]
[PlyCount "61"]
[EventDate "2024.01.02"]
[EventType "swiss"]
[EventCountry "ESP"]
[SourceTitle "playchess.com"]
[Source "ChessBase"]
[SourceQuality "1"]
[TimeControl "5400+30"]

1. d4 g6 2. c4 Bg7 3. Nc3 c5 4. d5 d6 5. e4 Bxc3+ 6. bxc3 e5 7. h4 Qe7 8. h5 Kd8 9. Rb1 Kc7 10. Nf3 Nd7 11. Qb3 Ngf6 12. hxg6 fxg6 13. Bd3 Nh5 14. Ng5 Nf8 15. g3 h6 16. Nf3 Nd7 17. Be3 Qf7 18. Be2 Ndf6 19. Nd2 b6 20. a4 Ng4 21. Bxg4 Bxg4 22. a5 Rab8 23. Qa4 Bd7 24. axb6+ axb6 25. Qa7+ Rb7 26. Qa6 Rf8 27. O-O g5 28. Rb2 Qg8 29. Bxc5 dxc5 30. d6+ Kc6 31. Nb3 1-0

[Event "35th Roquetas Festival 2024"]
[Site "Roquetas de Mar"]
[Date "2024.01.06"]
[Round "7.22"]
[White "Diaz Mino, Daniel"]
[Black "Schenderowitsch, Michael"]
[Result "1-0"]
[ECO "B12"]
[WhiteElo "2074"]
[BlackElo "2281"]
[Annotator "RC"]
[PlyCount "103"]
[EventDate "2024.01.02"]
[EventType "swiss"]
[EventCountry "ESP"]
[SourceTitle "playchess.com"]
[Source "ChessBase"]
[SourceQuality "1"]
[TimeControl "5400+30"]

1. e4 c6 2. d4 d5 3. e5 c5 4. dxc5 e6 5. a3 Bxc5 6. Nf3 f6 7. b4 Be7 8. Bb2 a5 9. b5 Nd7 10. Bd3 Nh6 11. O-O Nf7 12. exf6 Bxf6 13. Nc3 Nc5 14. Re1 O-O 15. Qd2 a4 16. Rab1 b6 17. Nd1 Bxb2 18. Nxb2 Qf6 19. Qe3 Bb7 20. Re2 Rad8 21. Ne5 Nd6 22. Rbe1 Nde4 23. Bxe4 Nxe4 24. Nxa4 d4 25. Qb3 Bd5 26. Qb4 Qxe5 27. f3 Qc7 28. fxe4 Bc4 29. Rd2 Qf4 30. g3 Qc7 31. Nxb6 Qxb6 32. Qxc4 d3+ 33. Kg2 dxc2 34. Rxc2 Kh8 35. Ree2 e5 36. Qc5 Qe6 37. Rf2 Rfe8 38. a4 Qg4 39. Rce2 h5 40. Qe3 h4 41. h3 Qg6 42. Rf5 Rd4 43. Rg5 Qh7 44. Rxe5 Rdd8 45. Qg5 hxg3 46. Rxe8+ Rxe8 47. Kxg3 Rf8 48. Rd2 Kg8 49. Rd8 Rxd8 50. Qxd8+ Kf7 51. Qd7+ Kf8 52. Qf5+ 1-0

[Event "35th Roquetas Festival 2024"]
[Site "Roquetas de Mar"]
[Date "2024.01.06"]
[Round "7.23"]
[White "Bru Rullo, Llatzer"]
[Black "Martinez Piqueras, Carlos"]
[Result "1-0"]
[ECO "D30"]
[WhiteElo "2278"]
[BlackElo "2126"]
[Annotator "RC"]
[PlyCount "161"]
[EventDate "2024.01.02"]
[EventType "swiss"]
[EventCountry "ESP"]
[SourceTitle "playchess.com"]
[Source "ChessBase"]
[SourceQuality "1"]
[TimeControl "5400+30"]

1. d4 d5 2. c4 e6 3. Nf3 Nf6 4. g3 Bb4+ 5. Bd2 Be7 6. Bg2 c6 7. Qc2 O-O 8. O-O Nbd7 9. Rd1 b6 10. b3 Bb7 11. Nc3 Rc8 12. e4 c5 13. exd5 exd5 14. Be3 dxc4 15. d5 Ne8 16. d6 Bf6 17. Ng5 Bxg5 18. Bxb7 Bxe3 19. fxe3 Rb8 20. Bg2 Qg5 21. Qe4 Nef6 22. Qf4 Qe5 23. Nd5 Rbe8 24. Nxf6+ Nxf6 25. d7 Nxd7 26. Bc6 Nf6 27. Bxe8 Qxe8 28. bxc4 Qe7 29. Rd3 Ne4 30. Rad1 Ng5 31. Kg2 Qb7+ 32. Rd5 Ne6 33. Qe4 Ng5 34. Qg4 Ne6 35. Kg1 Qa6 36. R1d2 h6 37. Rd7 Qa3 38. Qe2 Qc3 39. Qd3 Qe5 40. Rd5 Qc7 41. Rf2 Ng5 42. Kg2 Qc8 43. Rd7 Qc6+ 44. Qd5 Qg6 45. Rxa7 Kh7 46. Qf5 Ne4 47. Qxg6+ Kxg6 48. Rf4 Nd6 49. Rd7 Nf5 50. Kf3 h5 51. Rd5 Nh6 52. Rd6+ f6 53. Rxb6 Ng4 54. Rxg4+ hxg4+ 55. Kxg4 Ra8 56. Rc6 Rxa2 57. h4 Ra3 58. e4 Re3 59. Kf4 Re1 60. Rxc5 Rf1+ 61. Ke3 Re1+ 62. Kf3 Rc1 63. Rc7 Kh6 64. c5 g5 65. hxg5+ Kxg5 66. c6 Rc3+ 67. Kf2 Kg6 68. Rc8 Kg7 69. c7 Kh7 70. Kg2 Kg7 71. Kh3 Rc4 72. g4 Rc3+ 73. Kh4 Rc5 74. Kg3 Rc1 75. Kf4 Rc3 76. g5 fxg5+ 77. Kxg5 Rc1 78. Kf5 Rc5+ 79. Ke6 Rc4 80. e5 Rc1 81. Rd8 1-0

[Event "35th Roquetas Festival 2024"]
[Site "Roquetas de Mar"]
[Date "2024.01.06"]
[Round "7.24"]
[White "Fiorito, Fabian"]
[Black "Torres Rebolledo, Victor"]
[Result "1/2-1/2"]
[ECO "A05"]
[WhiteElo "2274"]
[BlackElo "2124"]
[Annotator "RC"]
[PlyCount "45"]
[EventDate "2024.01.02"]
[EventType "swiss"]
[EventCountry "ESP"]
[SourceTitle "playchess.com"]
[Source "ChessBase"]
[SourceQuality "1"]
[TimeControl "5400+30"]

1. Nf3 Nf6 2. g3 d5 3. Bg2 e6 4. O-O Be7 5. d4 O-O 6. b3 c5 7. e3 b6 8. Bb2 Bb7 9. Nbd2 Nbd7 10. Re1 Rc8 11. c4 Qc7 12. Rc1 Qb8 13. Qe2 Rfe8 14. a3 a5 15. Red1 Qa8 16. a4 Bf8 17. h3 h6 18. Kh2 Qb8 19. Kg1 Qa8 20. Kh2 Qb8 21. Kg1 Qa8 22. Kh2 Qb8 23. Kg1 1/2-1/2